[ AOE2 MATCH · #481791484 ]
Team RMFranks vs Bengalis
[ REPLAY ANALYSIS · EXTRACTED FROM THE RECORDED GAME ]
Feudal
10:11
Castle
19:31
Imperial
—
| APM avg | 35.7 |
| APM peak | 81 |
| eAPM avg | 13.3 |
| Villagers / military | 93 / 60 |
Focus
⚔️ 24.5% · 🌾 75.5%
Knight ×52 · Scout Cavalry ×6 · Spearman ×2
Feudal
10:48
Castle
14:47
Imperial
34:43
| APM avg | 30.8 |
| APM peak | 69 |
| eAPM avg | 17.4 |
| Villagers / military | 145 / 88 |
Focus
⚔️ 18.5% · 🌾 81.5%
Battle Elephant ×67 · Scout Cavalry ×21
Feudal
8:32
Castle
20:59
Imperial
38:02
| APM avg | 56.3 |
| APM peak | 104 |
| eAPM avg | 19.5 |
| Villagers / military | 130 / 24 |
Focus
⚔️ 26.2% · 🌾 73.8%
Scout Cavalry ×12 · Knight ×10 · Camel Archer ×2
Feudal
9:08
Castle
20:36
Imperial
27:08
| APM avg | 50.8 |
| APM peak | 86 |
| eAPM avg | 20.6 |
| Villagers / military | 100 / 60 |
Focus
⚔️ 29.8% · 🌾 70.2%
Arambai ×53 · Scout Cavalry ×4 · Trebuchet (Packed) ×2 · Spearman ×1
Feudal
9:42
Castle
15:46
Imperial
33:05
| APM avg | 40.0 |
| APM peak | 74 |
| eAPM avg | 21.1 |
| Villagers / military | 151 / 102 |
Focus
⚔️ 29.2% · 🌾 70.8%
Knight ×93 · Monk ×3 · Trebuchet (Packed) ×3 · Battering Ram ×2 · Scorpion ×1
Feudal
10:06
Castle
13:47
Imperial
30:33
| APM avg | 52.3 |
| APM peak | 87 |
| eAPM avg | 21.1 |
| Villagers / military | 107 / 164 |
Focus
⚔️ 44.9% · 🌾 55.1%
Archer ×157 · Trade Cart ×12 · Trebuchet (Packed) ×7
Feudal
12:18
Castle
17:18
Imperial
31:53
| APM avg | 21.9 |
| APM peak | 54 |
| eAPM avg | 12.9 |
| Villagers / military | 110 / 56 |
Focus
⚔️ 26.6% · 🌾 73.4%
Konnik ×53 · Trebuchet (Packed) ×2 · Monk ×1
Feudal
10:25
Castle
25:46
Imperial
37:33
| APM avg | 26.9 |
| APM peak | 91 |
| eAPM avg | 15.8 |
| Villagers / military | 123 / 4 |
Focus
⚔️ 28.4% · 🌾 71.6%
Trade Cart ×3 · Monk ×2 · Centurion ×2
Match map
Initial resources + every placement click. Lines = walls · curves = elevation contours. ◆ gold · ⬟ stone · ● berries · ✦ relic · ◌ wall gap
Your base· Open — unwalled flank
|TheCore| d@ pOPE!!!'s base· ✓ Closed at 14:47 · 32t walls · no gate
KDA HDT's base· ✓ Closed at 20:59 · 14t walls · no gate
Sunny Day's base· Open — unwalled flank
gjizhijian6866's base· ✓ Closed at 15:46 · 10t walls · no gate
菜鸟在人间's base· Open — opponent sealed themselves in
祈求好运's base· ✓ Closed at 17:18 · 74t walls · 1 gate(s)
頭鐵投石機's base· Open — unwalled flank
Smoothed initial terrain · ◌ = detected wall gap · hover for details
Inputs per minute
— Álvaro de Bazán - - |TheCore| d@ pOPE!!!
Build order — Álvaro de Bazán
First 150 of 260 actions detected
| 0:01 | Create | Villager (Male) |
| 0:03 | Build | House |
| 0:04 | Build | House |
| 0:24 | Create | Villager (Male) |
| 0:32 | Create | Villager (Male) |
| 0:50 | Create | Villager (Male) |
| 0:50 | Create | Villager (Male) |
| 1:38 | Create | Villager (Male) |
| 1:55 | Create | Villager (Male) |
| 1:55 | Create | Villager (Male) |
| 2:21 | Build | Lumber Camp |
| 2:23 | Create | Villager (Male) |
| 2:34 | Create | Villager (Male) |
| 2:53 | Create | Villager (Male) |
| 3:28 | Research | Loom |
| 3:28 | Create | Villager (Male) |
| 3:57 | Create | Villager (Male) |
| 4:10 | Build | House |
| 4:20 | Build | House |
| 4:42 | Create | Villager (Male) |
| 4:55 | Create | Villager (Male) |
| 5:10 | Create | Villager (Male) |
| 5:19 | Build | Mill |
| 5:24 | Create | Villager (Male) |
| 5:39 | Create | Villager (Male) |
| 5:54 | Create | Villager (Male) |
| 6:12 | Create | Villager (Male) |
| 6:55 | Build | Barracks |
| 7:38 | Build | Palisade Wall |
| 7:56 | Build | Palisade Gate |
| 8:01 | Research | Feudal Age |
| 8:01 | Research | Feudal Age |
| 10:11 | Age | Feudal Age |
| 10:12 | Create | Villager (Male) |
| 10:20 | Build | Stable |
| 10:46 | Create | Villager (Male) |
| 10:57 | Build | Farm |
| 10:57 | Build | Farm |
| 10:57 | Build | Farm |
| 10:57 | Build | Farm |
| 10:58 | Build | Farm |
| 11:06 | Build | House |
| 11:10 | Create | Villager (Male) |
| 11:43 | Create | Villager (Male) |
| 11:45 | Build | Farm |
| 11:46 | Build | Farm |
| 11:46 | Build | Farm |
| 11:51 | Create | Scout Cavalry |
| 11:51 | Create | Scout Cavalry |
| 12:07 | Create | Villager (Male) |
| 12:09 | Build | Farm |
| 12:24 | Create | Scout Cavalry |
| 12:35 | Create | Spearman |
| 12:48 | Create | Scout Cavalry |
| 12:52 | Build | Farm |
| 12:55 | Build | House |
| 13:36 | Create | Villager (Male) |
| 13:48 | Build | Mining Camp |
| 13:50 | Create | Villager (Male) |
| 14:19 | Create | Scout Cavalry |
| 14:20 | Create | Villager (Male) |
| 14:35 | Create | Scout Cavalry |
| 14:48 | Build | Blacksmith |
| 14:58 | Create | Villager (Male) |
| 15:01 | Build | House |
| 16:04 | Research | Scale Barding Armor |
| 16:26 | Create | Villager (Male) |
| 16:33 | Build | Stable |
| 16:37 | Build | Stable |
| 16:39 | Build | Stone Wall |
| 16:43 | Research | Castle Age |
| 16:52 | Build | Farm |
| 16:53 | Build | Farm |
| 16:53 | Build | Farm |
| 16:53 | Build | Farm |
| 16:53 | Build | Farm |
| 17:08 | Research | Double-Bit Axe |
| 17:08 | Research | Double-Bit Axe |
| 17:21 | Create | Spearman |
| 17:41 | Build | Farm |
| 18:19 | Research | Gold Mining |
| 18:29 | Research | Forging |
| 18:40 | Build | Farm |
| 18:43 | Build | Farm |
| 19:31 | Age | Castle Age |
| 19:32 | Create | Knight |
| 19:33 | Create | Knight |
| 19:33 | Create | Knight |
| 19:47 | Create | Villager (Male) |
| 19:50 | Create | Knight |
| 19:51 | Create | Knight |
| 19:51 | Create | Knight |
| 19:59 | Build | Town Center |
| 20:05 | Create | Villager (Male) |
| 20:18 | Build | House |
| 21:08 | Create | Knight |
| 21:08 | Create | Knight |
| 21:10 | Create | Knight |
| 21:11 | Create | Villager (Male) |
| 21:17 | Build | House |
| 21:18 | Create | Villager (Male) |
| 21:20 | Create | Villager (Male) |
| 21:38 | Create | Knight |
| 21:44 | Research | Husbandry |
| 21:45 | Research | Husbandry |
| 21:45 | Research | Husbandry |
| 22:50 | Create | Knight |
| 22:51 | Create | Knight |
| 22:51 | Create | Knight |
| 23:52 | Create | Villager (Male) |
| 23:54 | Create | Knight |
| 23:55 | Create | Knight |
| 23:56 | Create | Knight |
| 23:59 | Create | Villager (Male) |
| 24:00 | Create | Villager (Male) |
| 24:01 | Create | Villager (Male) |
| 24:01 | Create | Villager (Male) |
| 24:07 | Build | Farm |
| 24:08 | Build | Farm |
| 24:08 | Build | Farm |
| 24:08 | Build | Farm |
| 24:08 | Build | Farm |
| 24:57 | Research | Chain Barding Armor |
| 25:00 | Build | House |
| 25:02 | Build | House |
| 25:03 | Build | House |
| 25:05 | Create | Villager (Male) |
| 25:08 | Build | Town Center |
| 25:28 | Create | Knight |
| 25:28 | Create | Knight |
| 25:29 | Create | Knight |
| 25:29 | Create | Villager (Male) |
| 25:32 | Build | Farm |
| 27:06 | Create | Knight |
| 27:07 | Create | Knight |
| 27:07 | Create | Knight |
| 27:16 | Research | Iron Casting |
| 27:16 | Research | Iron Casting |
| 27:17 | Create | Villager (Male) |
| 27:18 | Create | Villager (Male) |
| 27:56 | Create | Knight |
| 27:57 | Create | Knight |
| 27:57 | Create | Knight |
| 27:59 | Create | Villager (Male) |
| 28:01 | Build | House |
| 28:01 | Build | House |
| 28:02 | Build | House |
| 28:03 | Build | Farm |
| 28:04 | Build | Farm |
| 28:04 | Build | Farm |
Build order — |TheCore| d@ pOPE!!!
First 150 of 351 actions detected
| 0:00 | Create | Villager (Male) |
| 0:01 | Create | Villager (Male) |
| 0:02 | Build | House |
| 0:04 | Build | House |
| 0:13 | Create | Villager (Male) ×2 |
| 1:23 | Create | Villager (Male) |
| 1:55 | Create | Villager (Male) |
| 2:23 | Create | Villager (Male) |
| 2:35 | Create | Villager (Male) |
| 2:41 | Build | Lumber Camp |
| 2:51 | Create | Villager (Male) |
| 3:45 | Create | Villager (Male) |
| 3:46 | Create | Villager (Male) |
| 3:53 | Build | House |
| 3:59 | Build | House |
| 4:52 | Create | Villager (Male) |
| 4:53 | Create | Villager (Male) |
| 4:57 | Create | Villager (Male) ×2 |
| 5:42 | Build | House |
| 5:54 | Create | Villager (Male) |
| 6:28 | Build | Mill |
| 6:48 | Create | Villager (Male) |
| 7:23 | Create | Villager (Male) |
| 7:40 | Build | Palisade Wall |
| 7:42 | Create | Villager (Male) |
| 7:56 | Build | Palisade Wall |
| 8:01 | Build | Mining Camp |
| 8:13 | Create | Villager (Male) |
| 8:22 | Research | Feudal Age |
| 8:49 | Build | House |
| 8:55 | Build | Palisade Wall |
| 9:12 | Build | Palisade Wall |
| 9:33 | Create | Villager (Male) |
| 9:33 | Create | Villager (Male) |
| 10:48 | Age | Feudal Age |
| 10:55 | Build | Blacksmith |
| 11:01 | Build | Market |
| 11:21 | Build | Blacksmith |
| 11:35 | Create | Villager (Male) |
| 12:07 | Research | Castle Age |
| 12:48 | Research | Double-Bit Axe |
| 12:52 | Build | Farm |
| 12:55 | Build | Farm |
| 12:58 | Build | Farm |
| 13:02 | Build | Farm |
| 13:07 | Build | Farm |
| 13:13 | Research | Horse Collar |
| 13:19 | Build | House |
| 13:47 | Build | Farm |
| 13:56 | Create | Villager (Male) |
| 14:28 | Create | Villager (Male) |
| 14:47 | Age | Castle Age |
| 14:48 | Build | Town Center |
| 14:56 | Build | Town Center |
| 15:11 | Research | Bow Saw |
| 15:25 | Build | Farm |
| 15:33 | Create | Villager (Male) |
| 15:39 | Build | Farm |
| 15:48 | Research | Heavy Plow |
| 15:51 | Create | Villager (Male) |
| 15:58 | Build | Farm |
| 16:06 | Create | Villager (Male) |
| 16:09 | Research | Loom |
| 16:13 | Create | Villager (Male) |
| 16:15 | Build | Farm |
| 16:24 | Create | Villager (Male) |
| 16:28 | Build | Farm |
| 16:31 | Build | Farm |
| 16:44 | Create | Villager (Male) |
| 16:46 | Build | Farm |
| 16:49 | Build | Farm |
| 16:58 | Build | House |
| 17:00 | Create | Villager (Male) |
| 17:07 | Build | House |
| 17:15 | Research | Loom |
| 17:23 | Build | Farm |
| 17:25 | Create | Villager (Male) |
| 17:26 | Create | Villager (Male) |
| 17:33 | Build | Farm |
| 17:34 | Create | Villager (Male) |
| 17:36 | Build | Farm |
| 17:37 | Build | Farm |
| 17:45 | Create | Villager (Male) |
| 18:05 | Build | House |
| 18:14 | Build | House |
| 18:17 | Create | Villager (Male) |
| 18:22 | Build | House |
| 18:23 | Create | Villager (Male) |
| 18:25 | Create | Villager (Male) |
| 18:35 | Build | House |
| 18:39 | Build | House |
| 18:40 | Create | Villager (Male) |
| 18:42 | Build | House |
| 18:42 | Create | Villager (Male) |
| 18:53 | Build | Farm |
| 18:55 | Build | Farm |
| 18:57 | Build | Farm |
| 18:58 | Create | Villager (Male) |
| 19:07 | Build | House |
| 19:11 | Build | Farm |
| 19:24 | Build | Farm |
| 19:25 | Create | Villager (Male) |
| 19:28 | Create | Villager (Male) ×3 |
| 19:30 | Build | Farm |
| 19:50 | Create | Villager (Male) |
| 19:56 | Create | Villager (Male) |
| 19:58 | Create | Villager (Male) |
| 20:06 | Build | Town Center |
| 20:11 | Create | Villager (Male) ×2 |
| 20:13 | Build | Farm |
| 20:15 | Build | Farm |
| 20:26 | Build | Farm |
| 20:30 | Create | Villager (Male) |
| 20:36 | Research | Wheelbarrow |
| 20:41 | Create | Villager (Male) |
| 20:47 | Create | Villager (Male) |
| 21:00 | Create | Villager (Male) |
| 21:08 | Create | Villager (Male) |
| 21:11 | Create | Villager (Male) |
| 21:19 | Create | Villager (Male) |
| 21:22 | Build | Farm |
| 21:28 | Build | Lumber Camp |
| 21:29 | Create | Villager (Male) |
| 21:32 | Create | Villager (Male) |
| 21:43 | Create | Villager (Male) |
| 21:49 | Build | Barracks |
| 21:51 | Create | Villager (Male) |
| 21:56 | Create | Villager (Male) |
| 22:05 | Create | Villager (Male) |
| 22:06 | Create | Villager (Male) |
| 22:11 | Create | Villager (Male) |
| 22:18 | Create | Villager (Male) |
| 22:27 | Create | Villager (Male) |
| 22:34 | Build | Stable |
| 22:35 | Create | Villager (Male) |
| 22:44 | Create | Villager (Male) |
| 22:47 | Create | Villager (Male) |
| 23:26 | Build | Castle |
| 23:27 | Create | Villager (Male) |
| 23:29 | Research | Hand Cart |
| 23:30 | Create | Villager (Male) |
| 23:34 | Build | Farm |
| 23:35 | Create | Villager (Male) |
| 23:43 | Build | Farm |
| 23:44 | Build | Farm |
| 23:47 | Build | Farm |
| 23:48 | Create | Villager (Male) |
| 23:49 | Build | House |
| 23:51 | Create | Villager (Male) |
| 23:56 | Create | Villager (Male) |
Build order — KDA HDT
First 150 of 310 actions detected
| 0:01 | Create | Villager (Male) |
| 0:02 | Create | Villager (Male) |
| 0:02 | Build | House |
| 0:04 | Build | House |
| 0:10 | Create | Villager (Male) |
| 0:10 | Create | Villager (Male) |
| 1:29 | Create | Villager (Male) |
| 1:51 | Create | Villager (Male) |
| 1:51 | Create | Villager (Male) |
| 2:00 | Build | Lumber Camp |
| 2:25 | Create | Villager (Male) |
| 2:49 | Create | Villager (Male) |
| 3:16 | Create | Villager (Male) |
| 3:16 | Create | Villager (Male) |
| 3:38 | Create | Villager (Male) |
| 3:50 | Build | House |
| 4:12 | Create | Villager (Male) |
| 4:33 | Create | Villager (Male) |
| 4:40 | Build | Palisade Wall |
| 4:42 | Build | Palisade Wall |
| 4:48 | Create | Villager (Male) |
| 5:05 | Build | Mill |
| 5:17 | Create | Villager (Male) |
| 5:43 | Research | Loom |
| 6:22 | Research | Feudal Age |
| 7:01 | Build | House |
| 7:38 | Build | Barracks |
| 8:30 | Create | Villager (Male) |
| 8:30 | Create | Villager (Male) |
| 8:32 | Age | Feudal Age |
| 8:40 | Build | Stable |
| 8:58 | Create | Villager (Male) |
| 9:17 | Build | House |
| 9:20 | Research | Double-Bit Axe |
| 9:20 | Research | Double-Bit Axe |
| 9:21 | Create | Scout Cavalry |
| 9:21 | Create | Scout Cavalry |
| 9:40 | Create | Villager (Male) |
| 10:00 | Build | Palisade Wall |
| 10:09 | Build | Farm |
| 10:11 | Build | Farm |
| 10:13 | Build | Farm |
| 10:16 | Create | Villager (Male) |
| 10:38 | Create | Scout Cavalry |
| 10:41 | Build | Farm |
| 11:02 | Create | Villager (Male) |
| 11:04 | Build | Farm |
| 11:14 | Create | Villager (Male) |
| 11:27 | Create | Villager (Male) |
| 11:37 | Create | Scout Cavalry |
| 11:44 | Build | Farm |
| 11:54 | Create | Villager (Male) |
| 11:58 | Build | House |
| 11:58 | Build | House |
| 12:00 | Build | Farm |
| 12:08 | Create | Villager (Male) |
| 12:10 | Build | Farm |
| 12:20 | Create | Scout Cavalry |
| 12:48 | Create | Villager (Male) |
| 13:07 | Create | Villager (Male) |
| 13:09 | Create | Scout Cavalry |
| 13:14 | Build | Farm |
| 13:21 | Create | Scout Cavalry |
| 13:26 | Create | Villager (Male) |
| 13:28 | Build | Farm |
| 13:29 | Build | Blacksmith |
| 13:36 | Create | Scout Cavalry |
| 13:38 | Create | Villager (Male) |
| 13:51 | Create | Scout Cavalry |
| 13:55 | Build | Farm |
| 14:09 | Build | House |
| 14:10 | Build | House |
| 14:25 | Research | Forging |
| 14:25 | Research | Forging |
| 14:26 | Create | Villager (Male) |
| 14:29 | Build | Mining Camp |
| 14:59 | Create | Villager (Male) |
| 15:00 | Create | Villager (Male) |
| 15:23 | Create | Scout Cavalry |
| 15:29 | Create | Villager (Male) |
| 15:43 | Create | Villager (Male) |
| 15:53 | Create | Scout Cavalry |
| 15:54 | Create | Villager (Male) |
| 16:06 | Create | Villager (Male) |
| 16:08 | Build | Farm |
| 16:08 | Build | Farm |
| 16:17 | Build | House |
| 16:18 | Build | House |
| 16:25 | Create | Villager (Male) |
| 16:28 | Build | Farm |
| 16:31 | Create | Scout Cavalry |
| 16:36 | Build | Farm |
| 16:41 | Create | Villager (Male) |
| 16:46 | Build | Farm |
| 16:59 | Build | Palisade Wall |
| 17:06 | Create | Villager (Male) |
| 17:37 | Build | Farm |
| 18:19 | Research | Castle Age |
| 18:19 | Research | Castle Age |
| 18:34 | Build | Lumber Camp |
| 18:35 | Research | Horse Collar |
| 20:13 | Build | Stable |
| 20:18 | Research | Bloodlines |
| 20:18 | Research | Bloodlines |
| 20:19 | Research | Scale Barding Armor |
| 20:19 | Research | Scale Barding Armor |
| 20:59 | Age | Castle Age |
| 21:01 | Create | Villager (Male) |
| 21:02 | Create | Villager (Male) |
| 21:04 | Create | Knight |
| 21:04 | Create | Knight |
| 21:09 | Create | Villager (Male) |
| 21:12 | Build | Town Center |
| 21:22 | Create | Knight |
| 21:22 | Create | Knight |
| 21:27 | Create | Villager (Male) |
| 21:35 | Create | Knight |
| 21:35 | Create | Knight |
| 21:37 | Create | Villager (Male) |
| 21:55 | Build | House |
| 21:57 | Build | House |
| 21:59 | Create | Villager (Male) |
| 22:00 | Create | Knight |
| 22:00 | Create | Knight |
| 22:05 | Research | Chain Barding Armor |
| 22:06 | Research | Chain Barding Armor |
| 22:18 | Create | Villager (Male) |
| 22:31 | Create | Villager (Male) |
| 22:37 | Build | Town Center |
| 22:44 | Create | Villager (Male) |
| 22:54 | Create | Knight |
| 22:54 | Create | Knight |
| 23:22 | Create | Villager (Male) |
| 23:30 | Create | Villager (Male) |
| 23:32 | Create | Villager (Male) |
| 24:02 | Build | Farm |
| 24:03 | Build | Farm |
| 24:12 | Create | Villager (Male) |
| 24:37 | Create | Villager (Male) |
| 24:45 | Create | Villager (Male) |
| 24:47 | Build | Farm |
| 24:47 | Build | Farm |
| 24:48 | Build | Farm |
| 24:48 | Build | Farm |
| 24:48 | Build | Farm |
| 24:48 | Build | Farm |
| 24:56 | Create | Villager (Male) |
| 25:15 | Create | Villager (Male) |
| 25:37 | Create | Villager (Male) |
| 25:39 | Build | Farm |
Build order — Sunny Day
First 150 of 238 actions detected
| 0:01 | Create | Villager (Male) ×4 |
| 0:02 | Build | House |
| 0:06 | Build | House |
| 1:29 | Create | Villager (Male) |
| 1:29 | Create | Villager (Male) |
| 1:56 | Create | Villager (Male) |
| 2:10 | Build | Lumber Camp |
| 2:27 | Create | Villager (Male) |
| 2:28 | Create | Villager (Male) |
| 2:52 | Create | Villager (Male) |
| 2:52 | Create | Villager (Male) |
| 2:53 | Create | Villager (Male) |
| 3:02 | Build | House |
| 3:09 | Build | House |
| 3:30 | Create | Villager (Male) |
| 3:53 | Build | House |
| 3:56 | Create | Villager (Male) |
| 4:25 | Build | Palisade Wall |
| 4:33 | Research | Loom |
| 4:34 | Research | Loom |
| 4:57 | Create | Villager (Male) |
| 4:57 | Create | Villager (Male) |
| 5:27 | Create | Villager (Male) |
| 5:39 | Create | Villager (Male) |
| 5:48 | Build | Mill |
| 6:20 | Create | Villager (Male) |
| 6:58 | Research | Feudal Age |
| 6:58 | Research | Feudal Age |
| 7:13 | Build | Palisade Wall |
| 7:38 | Build | Barracks |
| 7:53 | Build | Palisade Wall |
| 8:15 | Build | House |
| 9:04 | Create | Villager (Male) |
| 9:08 | Age | Feudal Age |
| 9:10 | Build | Stable |
| 9:12 | Build | Palisade Wall |
| 9:16 | Create | Villager (Male) |
| 10:02 | Create | Spearman |
| 10:04 | Create | Scout Cavalry |
| 10:09 | Create | Villager (Male) |
| 10:23 | Create | Scout Cavalry |
| 10:27 | Build | Farm |
| 10:28 | Build | Farm |
| 10:42 | Build | Palisade Gate |
| 10:53 | Create | Villager (Male) |
| 10:57 | Build | Farm |
| 11:19 | Create | Villager (Male) |
| 11:28 | Build | House |
| 11:31 | Create | Villager (Male) |
| 11:33 | Build | Farm |
| 11:48 | Create | Villager (Male) |
| 11:53 | Build | House |
| 12:01 | Build | Farm |
| 12:01 | Build | Farm |
| 12:04 | Create | Scout Cavalry |
| 12:11 | Build | Farm |
| 12:28 | Create | Villager (Male) |
| 12:43 | Build | Farm |
| 12:44 | Build | Farm |
| 12:46 | Create | Villager (Male) |
| 12:49 | Create | Scout Cavalry |
| 13:03 | Build | Mining Camp |
| 13:06 | Create | Villager (Male) |
| 13:26 | Research | Wheelbarrow |
| 13:40 | Create | Villager (Male) |
| 13:53 | Create | Villager (Male) |
| 14:26 | Build | Farm |
| 14:26 | Build | Farm |
| 15:09 | Build | Farm |
| 15:10 | Build | Farm |
| 15:12 | Build | Farm |
| 15:46 | Create | Villager (Male) |
| 15:50 | Build | House |
| 15:50 | Build | House |
| 16:50 | Build | Mining Camp |
| 17:16 | Build | Blacksmith |
| 17:20 | Create | Villager (Male) |
| 17:56 | Research | Castle Age |
| 17:56 | Research | Castle Age |
| 18:17 | Research | Stone Mining |
| 18:18 | Research | Gold Mining |
| 20:15 | Create | Villager (Male) |
| 20:36 | Age | Castle Age |
| 20:39 | Create | Villager (Male) |
| 21:18 | Create | Villager (Male) |
| 21:19 | Create | Villager (Male) |
| 21:34 | Build | House |
| 21:47 | Create | Villager (Male) |
| 21:54 | Build | Castle |
| 22:09 | Create | Villager (Male) |
| 22:12 | Research | Horse Collar |
| 22:33 | Create | Villager (Male) |
| 22:33 | Create | Villager (Male) |
| 22:37 | Build | Town Center |
| 22:55 | Research | Heavy Plow |
| 22:57 | Create | Villager (Male) |
| 23:58 | Research | Imperial Age |
| 24:01 | Build | Town Center |
| 24:03 | Create | Villager (Male) |
| 24:07 | Create | Arambai |
| 24:07 | Create | Arambai |
| 24:26 | Create | Arambai |
| 24:30 | Create | Villager (Male) |
| 24:30 | Create | Villager (Male) |
| 24:34 | Create | Villager (Male) |
| 24:35 | Create | Villager (Male) |
| 24:40 | Build | Lumber Camp |
| 25:15 | Create | Arambai |
| 25:15 | Create | Arambai |
| 25:16 | Create | Arambai |
| 25:16 | Create | Arambai |
| 25:21 | Create | Villager (Male) ×3 |
| 25:57 | Create | Villager (Male) ×2 |
| 25:58 | Create | Arambai |
| 25:59 | Create | Arambai |
| 25:59 | Create | Arambai |
| 26:08 | Build | Farm |
| 26:10 | Build | Farm |
| 26:32 | Build | Farm |
| 26:35 | Create | Villager (Male) ×3 |
| 26:36 | Create | Arambai |
| 26:36 | Create | Arambai |
| 26:50 | Build | Farm |
| 26:51 | Create | Villager (Male) ×2 |
| 26:51 | Create | Villager (Male) ×2 |
| 27:08 | Age | Imperial Age |
| 27:33 | Create | Trebuchet (Packed) |
| 27:43 | Build | Farm |
| 27:46 | Create | Villager (Male) ×5 |
| 27:49 | Build | Farm |
| 27:50 | Build | Farm |
| 28:12 | Create | Villager (Male) |
| 28:12 | Create | Villager (Male) |
| 28:13 | Create | Villager (Male) |
| 28:21 | Build | Farm |
| 28:32 | Research | Husbandry |
| 28:49 | Build | Farm |
| 28:50 | Build | Farm |
| 28:51 | Create | Villager (Male) |
| 28:51 | Create | Villager (Male) |
| 28:53 | Create | Arambai |
| 28:53 | Create | Arambai |
| 28:54 | Create | Arambai |
| 29:06 | Build | House |
| 29:07 | Build | House |
| 29:27 | Create | Arambai |
| 29:28 | Create | Arambai |
| 29:39 | Build | Farm |
| 29:39 | Build | Farm |
| 30:11 | Build | Farm |
Build order — gjizhijian6866
First 150 of 423 actions detected
| 0:01 | Create | Villager (Male) |
| 0:02 | Create | Villager (Male) |
| 0:02 | Create | Villager (Male) |
| 0:16 | Create | Villager (Male) |
| 0:16 | Create | Villager (Male) |
| 1:32 | Create | Villager (Male) |
| 1:32 | Create | Villager (Male) |
| 1:48 | Create | Villager (Male) |
| 1:48 | Create | Villager (Male) |
| 2:16 | Build | Lumber Camp |
| 2:25 | Create | Villager (Male) |
| 2:33 | Create | Villager (Male) |
| 2:33 | Create | Villager (Male) |
| 2:54 | Create | Villager (Male) |
| 3:37 | Create | Villager (Male) |
| 3:38 | Create | Villager (Male) |
| 3:38 | Create | Villager (Male) |
| 4:18 | Create | Villager (Male) |
| 4:18 | Create | Villager (Male) |
| 4:31 | Create | Villager (Male) |
| 5:09 | Build | Mill |
| 5:43 | Create | Villager (Male) |
| 5:43 | Create | Villager (Male) |
| 5:58 | Create | Villager (Male) |
| 5:58 | Create | Villager (Male) |
| 5:58 | Create | Villager (Male) |
| 5:58 | Create | Villager (Male) |
| 6:07 | Create | Villager (Male) |
| 6:33 | Build | Palisade Wall |
| 6:57 | Create | Villager (Male) |
| 7:09 | Build | Palisade Wall |
| 7:31 | Research | Feudal Age |
| 7:31 | Research | Feudal Age |
| 9:42 | Age | Feudal Age |
| 9:42 | Create | Villager (Male) |
| 9:45 | Research | Double-Bit Axe |
| 9:46 | Research | Horse Collar |
| 9:51 | Create | Villager (Male) |
| 10:14 | Build | Farm |
| 10:16 | Create | Villager (Male) |
| 10:25 | Build | Farm |
| 10:27 | Build | Farm |
| 10:39 | Build | Blacksmith |
| 10:49 | Create | Villager (Male) |
| 11:08 | Create | Villager (Male) |
| 11:09 | Build | Mining Camp |
| 11:26 | Create | Villager (Male) |
| 11:51 | Create | Villager (Male) |
| 12:04 | Build | Market |
| 12:35 | Create | Villager (Male) |
| 13:06 | Research | Castle Age |
| 13:06 | Research | Castle Age |
| 13:06 | Research | Castle Age |
| 13:16 | Build | Lumber Camp |
| 14:24 | Build | Farm |
| 14:28 | Build | Farm |
| 14:50 | Build | Farm |
| 15:40 | Create | Villager (Male) |
| 15:46 | Age | Castle Age |
| 15:47 | Build | Town Center |
| 15:52 | Build | Town Center |
| 15:55 | Research | Bow Saw |
| 15:55 | Research | Bow Saw |
| 15:57 | Create | Villager (Male) |
| 16:15 | Build | Monastery |
| 16:18 | Create | Villager (Male) |
| 16:35 | Build | Farm |
| 16:40 | Create | Villager (Male) |
| 16:49 | Build | Farm |
| 17:05 | Create | Monk |
| 17:14 | Create | Villager (Male) |
| 17:17 | Create | Villager (Male) |
| 17:19 | Create | Villager (Male) |
| 17:21 | Build | Farm |
| 17:24 | Build | Farm |
| 17:26 | Build | Farm |
| 17:31 | Create | Villager (Male) |
| 17:33 | Build | Farm |
| 17:37 | Create | Villager (Male) |
| 17:41 | Create | Villager (Male) |
| 17:43 | Build | Farm |
| 17:49 | Create | Villager (Male) |
| 17:50 | Create | Villager (Male) |
| 17:53 | Create | Villager (Male) |
| 18:00 | Build | Gate |
| 18:04 | Create | Monk |
| 18:13 | Build | Farm |
| 18:15 | Build | Farm |
| 18:17 | Build | Farm |
| 18:21 | Build | Farm |
| 18:23 | Build | Farm |
| 18:27 | Build | Farm |
| 18:30 | Create | Villager (Male) |
| 18:33 | Build | Farm |
| 18:35 | Create | Villager (Male) |
| 18:39 | Build | Farm |
| 18:42 | Research | Loom |
| 18:45 | Build | Farm |
| 18:49 | Build | Farm |
| 18:54 | Create | Villager (Male) |
| 19:14 | Build | Stone Wall |
| 19:15 | Create | Villager (Male) |
| 19:16 | Create | Villager (Male) |
| 19:18 | Create | Villager (Male) |
| 19:24 | Build | Farm |
| 19:28 | Build | Farm |
| 19:31 | Create | Villager (Male) |
| 19:39 | Create | Villager (Male) |
| 19:42 | Create | Villager (Male) |
| 19:46 | Build | Farm |
| 19:58 | Build | Farm |
| 20:04 | Create | Villager (Male) |
| 20:06 | Create | Villager (Male) |
| 20:12 | Build | Town Center |
| 20:14 | Create | Villager (Male) |
| 20:22 | Create | Villager (Male) |
| 20:26 | Create | Villager (Male) |
| 20:44 | Build | Farm |
| 20:45 | Create | Villager (Male) |
| 20:46 | Create | Villager (Male) |
| 20:49 | Create | Villager (Male) |
| 20:54 | Build | Siege Workshop |
| 20:57 | Create | Villager (Male) |
| 21:08 | Create | Villager (Male) |
| 21:11 | Build | Lumber Camp |
| 21:13 | Create | Villager (Male) |
| 21:16 | Build | Farm |
| 21:21 | Research | Wheelbarrow |
| 21:21 | Research | Wheelbarrow |
| 21:25 | Build | Farm |
| 21:31 | Build | Farm |
| 21:32 | Create | Villager (Male) |
| 21:33 | Create | Villager (Male) |
| 21:43 | Build | Farm |
| 21:49 | Create | Villager (Male) |
| 21:51 | Build | Farm |
| 21:55 | Build | Farm |
| 21:56 | Create | Villager (Male) |
| 21:57 | Create | Villager (Male) |
| 22:15 | Build | Barracks |
| 22:15 | Create | Villager (Male) |
| 22:17 | Create | Villager (Male) |
| 22:28 | Create | Villager (Male) |
| 22:30 | Research | Scale Barding Armor |
| 22:31 | Research | Scale Barding Armor |
| 22:33 | Create | Villager (Male) |
| 22:35 | Create | Villager (Male) |
| 22:39 | Create | Monk |
| 22:45 | Build | Watch Tower |
| 23:04 | Create | Villager (Male) |
Build order — 菜鸟在人间
First 150 of 415 actions detected
| 0:01 | Create | Villager (Male) |
| 0:01 | Create | Villager (Male) |
| 0:02 | Build | House |
| 0:04 | Build | House |
| 0:09 | Create | Villager (Male) |
| 0:22 | Create | Villager (Male) |
| 1:20 | Create | Villager (Male) |
| 1:47 | Create | Villager (Male) |
| 1:52 | Build | Lumber Camp |
| 2:28 | Create | Villager (Male) |
| 2:29 | Create | Villager (Male) |
| 2:34 | Create | Villager (Male) |
| 3:35 | Build | House |
| 3:39 | Create | Villager (Male) |
| 3:39 | Create | Villager (Male) |
| 3:40 | Create | Villager (Male) |
| 3:57 | Build | House |
| 4:20 | Build | Mill |
| 4:31 | Create | Villager (Male) |
| 5:00 | Create | Villager (Male) |
| 5:18 | Create | Villager (Male) |
| 5:28 | Create | Villager (Male) |
| 5:30 | Create | Villager (Male) |
| 6:17 | Create | Villager (Male) |
| 7:01 | Create | Villager (Male) |
| 7:50 | Research | Feudal Age |
| 8:08 | Build | Mining Camp |
| 8:23 | Build | Barracks |
| 8:59 | Create | Villager (Male) |
| 9:00 | Create | Villager (Male) |
| 10:06 | Age | Feudal Age |
| 10:16 | Build | Archery Range |
| 10:19 | Build | Blacksmith |
| 10:40 | Research | Double-Bit Axe |
| 10:46 | Create | Villager (Male) |
| 11:07 | Research | Castle Age |
| 11:21 | Research | Double-Bit Axe |
| 11:21 | Research | Double-Bit Axe |
| 11:30 | Create | Archer |
| 11:30 | Create | Archer |
| 11:35 | Build | House |
| 12:11 | Create | Villager (Male) |
| 12:19 | Create | Archer |
| 12:31 | Create | Villager (Male) |
| 12:40 | Build | House |
| 12:42 | Create | Archer |
| 12:42 | Create | Archer |
| 12:49 | Create | Villager (Male) |
| 13:08 | Create | Archer |
| 13:17 | Create | Villager (Male) |
| 13:25 | Build | Farm |
| 13:25 | Build | Farm |
| 13:25 | Build | Farm |
| 13:26 | Build | Farm |
| 13:36 | Research | Horse Collar |
| 13:37 | Research | Horse Collar |
| 13:38 | Create | Archer |
| 13:47 | Age | Castle Age |
| 14:04 | Research | Fletching |
| 14:04 | Research | Fletching |
| 14:18 | Create | Villager (Male) |
| 14:32 | Create | Archer |
| 14:40 | Build | Farm |
| 14:42 | Build | Town Center |
| 14:49 | Build | Town Center |
| 14:53 | Create | Villager (Male) |
| 15:01 | Build | House |
| 15:03 | Build | House |
| 15:04 | Create | Archer |
| 15:04 | Create | Archer |
| 15:05 | Create | Villager (Male) |
| 15:20 | Build | Farm |
| 15:21 | Build | Farm |
| 15:24 | Create | Villager (Male) |
| 15:27 | Create | Archer |
| 15:49 | Create | Villager (Male) |
| 15:51 | Create | Villager (Male) |
| 15:57 | Create | Archer |
| 15:57 | Create | Archer |
| 15:59 | Create | Villager (Male) |
| 16:11 | Build | Farm |
| 16:12 | Create | Archer |
| 16:27 | Build | House |
| 16:29 | Build | House |
| 16:31 | Create | Archer |
| 16:40 | Create | Villager (Male) |
| 16:41 | Create | Villager (Male) |
| 16:44 | Create | Villager (Male) |
| 17:01 | Build | House |
| 17:03 | Create | Villager (Male) |
| 17:06 | Build | Farm |
| 17:06 | Build | Farm |
| 17:06 | Build | Farm |
| 17:17 | Create | Villager (Male) |
| 17:29 | Create | Archer |
| 17:31 | Build | House |
| 17:38 | Build | Farm |
| 17:41 | Create | Villager (Male) |
| 17:53 | Create | Villager (Male) |
| 17:58 | Create | Archer |
| 18:00 | Build | Farm |
| 18:00 | Build | Farm |
| 18:00 | Build | Farm |
| 18:01 | Build | Farm |
| 18:01 | Build | Farm |
| 18:01 | Build | Farm |
| 18:01 | Build | Farm |
| 18:12 | Create | Villager (Male) |
| 18:28 | Create | Villager (Male) |
| 18:36 | Build | Farm |
| 18:38 | Build | Farm |
| 18:48 | Create | Villager (Male) |
| 18:49 | Create | Villager (Male) |
| 18:52 | Build | Farm |
| 18:54 | Build | Farm |
| 18:55 | Build | Farm |
| 18:55 | Build | Farm |
| 18:56 | Build | Farm |
| 18:56 | Build | Farm |
| 18:56 | Build | Farm |
| 18:57 | Build | Farm |
| 18:57 | Build | Farm |
| 19:01 | Create | Villager (Male) |
| 19:12 | Create | Villager (Male) |
| 19:22 | Create | Villager (Male) |
| 19:26 | Build | Farm |
| 19:28 | Create | Villager (Male) |
| 19:35 | Create | Villager (Male) |
| 19:37 | Build | House |
| 19:39 | Build | House |
| 19:42 | Create | Villager (Male) |
| 19:48 | Build | Farm |
| 19:48 | Build | Farm |
| 19:48 | Build | Farm |
| 19:49 | Create | Villager (Male) |
| 20:02 | Create | Villager (Male) |
| 20:06 | Build | House |
| 20:08 | Create | Villager (Male) |
| 20:15 | Create | Villager (Male) |
| 20:18 | Create | Villager (Male) |
| 20:26 | Build | Farm |
| 20:38 | Build | Town Center |
| 20:39 | Create | Villager (Male) |
| 20:44 | Create | Villager (Male) |
| 20:54 | Create | Villager (Male) |
| 20:57 | Build | Farm |
| 21:11 | Build | Farm |
| 21:12 | Research | Bodkin Arrow |
| 21:13 | Research | Bodkin Arrow |
| 21:26 | Create | Villager (Male) |
Build order — 祈求好运
First 150 of 309 actions detected
| 0:02 | Create | Villager (Male) |
| 0:02 | Create | Villager (Male) |
| 0:02 | Create | Villager (Male) |
| 0:04 | Build | House |
| 0:05 | Build | House |
| 0:18 | Create | Villager (Male) |
| 0:18 | Create | Villager (Male) |
| 1:33 | Create | Villager (Male) |
| 1:34 | Create | Villager (Male) |
| 1:54 | Build | Lumber Camp |
| 1:58 | Create | Villager (Male) |
| 2:32 | Create | Villager (Male) |
| 2:33 | Create | Villager (Male) |
| 3:03 | Create | Villager (Male) |
| 3:10 | Create | Villager (Male) |
| 3:31 | Build | House |
| 3:42 | Create | Villager (Male) |
| 4:13 | Create | Villager (Male) |
| 4:13 | Create | Villager (Male) |
| 4:50 | Create | Villager (Male) |
| 4:50 | Create | Villager (Male) |
| 5:01 | Create | Villager (Male) |
| 5:44 | Create | Villager (Male) |
| 5:46 | Build | House |
| 6:05 | Create | Villager (Male) |
| 6:06 | Create | Villager (Male) |
| 6:10 | Build | Mill |
| 6:28 | Create | Villager (Male) |
| 7:31 | Build | House |
| 7:36 | Create | Villager (Male) |
| 7:52 | Create | Villager (Male) |
| 8:15 | Build | Palisade Wall |
| 8:23 | Create | Villager (Male) |
| 8:34 | Create | Villager (Male) |
| 8:53 | Build | Palisade Wall |
| 9:09 | Create | Villager (Male) |
| 9:28 | Build | House |
| 9:35 | Build | Mining Camp |
| 9:39 | Create | Villager (Male) |
| 10:00 | Build | Lumber Camp |
| 10:06 | Research | Feudal Age |
| 10:17 | Build | Palisade Wall |
| 10:43 | Build | Farm |
| 11:20 | Build | Palisade Wall |
| 11:38 | Build | Palisade Wall |
| 12:18 | Age | Feudal Age |
| 12:21 | Build | Market |
| 12:23 | Create | Villager (Male) |
| 12:39 | Build | Stone Wall |
| 12:45 | Create | Villager (Male) |
| 12:50 | Build | Stone Wall |
| 12:55 | Create | Villager (Male) |
| 13:01 | Build | Blacksmith |
| 13:31 | Create | Villager (Male) |
| 14:05 | Build | House |
| 14:10 | Create | Villager (Male) |
| 14:34 | Build | Stone Wall |
| 14:38 | Research | Castle Age |
| 14:48 | Build | Gate |
| 15:00 | Research | Double-Bit Axe |
| 15:05 | Build | Farm |
| 15:07 | Build | Farm |
| 15:33 | Research | Horse Collar |
| 15:37 | Build | Farm |
| 15:39 | Build | Farm |
| 15:40 | Build | Farm |
| 15:42 | Build | Farm |
| 15:52 | Build | Stone Wall |
| 16:16 | Build | Watch Tower |
| 16:22 | Create | Villager (Male) |
| 16:45 | Build | House |
| 17:11 | Build | Stone Wall |
| 17:18 | Age | Castle Age |
| 17:25 | Research | Fletching |
| 17:27 | Create | Villager (Male) |
| 17:31 | Build | Town Center |
| 17:56 | Create | Villager (Male) |
| 18:20 | Build | Town Center |
| 18:27 | Build | Farm |
| 18:48 | Create | Villager (Male) |
| 18:49 | Create | Villager (Male) |
| 19:06 | Build | Siege Workshop |
| 19:10 | Create | Villager (Male) |
| 19:15 | Create | Villager (Male) |
| 19:16 | Create | Villager (Male) |
| 19:34 | Research | Bow Saw |
| 19:56 | Build | Farm |
| 19:57 | Build | Farm |
| 19:59 | Build | Farm |
| 20:00 | Build | Farm |
| 20:05 | Create | Villager (Male) |
| 20:06 | Create | Villager (Male) |
| 20:28 | Build | Farm |
| 20:30 | Build | Farm |
| 20:32 | Create | Villager (Male) |
| 20:35 | Research | Loom |
| 20:38 | Build | Farm |
| 20:43 | Create | Villager (Male) |
| 21:00 | Build | Farm |
| 21:04 | Build | Farm |
| 21:06 | Create | Villager (Male) |
| 21:13 | Create | Villager (Male) |
| 21:29 | Build | Outpost |
| 21:31 | Create | Villager (Male) |
| 21:32 | Create | Villager (Male) |
| 21:32 | Create | Villager (Male) |
| 21:39 | Build | Farm |
| 21:44 | Build | Lumber Camp |
| 21:50 | Build | Farm |
| 21:51 | Build | Farm |
| 21:57 | Create | Villager (Male) |
| 21:58 | Create | Villager (Male) |
| 21:59 | Create | Villager (Male) |
| 22:07 | Build | Gate |
| 22:12 | Create | Villager (Male) |
| 22:24 | Create | Villager (Male) |
| 22:25 | Create | Villager (Male) |
| 22:38 | Create | Villager (Male) |
| 22:44 | Build | Farm |
| 22:45 | Build | Farm |
| 22:46 | Build | Farm |
| 22:53 | Build | Farm |
| 22:54 | Build | Farm |
| 22:55 | Build | Farm |
| 22:57 | Build | Farm |
| 23:13 | Build | Stone Wall |
| 23:16 | Create | Villager (Male) |
| 23:16 | Create | Villager (Male) |
| 23:17 | Create | Villager (Male) |
| 23:22 | Build | House |
| 23:25 | Build | House |
| 23:38 | Create | Villager (Male) |
| 23:39 | Create | Villager (Male) |
| 23:42 | Research | Wheelbarrow |
| 23:52 | Research | Heavy Plow |
| 23:59 | Build | Outpost |
| 24:00 | Create | Villager (Male) |
| 24:01 | Create | Villager (Male) |
| 24:02 | Create | Villager (Male) |
| 24:05 | Build | House |
| 24:05 | Build | House |
| 24:16 | Create | Villager (Male) |
| 24:26 | Build | Monastery |
| 24:51 | Build | House |
| 24:52 | Build | House |
| 24:55 | Create | Villager (Male) |
| 24:56 | Create | Villager (Male) |
| 25:16 | Build | Outpost |
| 25:18 | Create | Monk |
| 25:23 | Create | Villager (Male) |
Build order — 頭鐵投石機
First 150 of 306 actions detected
| 0:02 | Create | Villager (Male) |
| 0:02 | Create | Villager (Male) |
| 0:04 | Build | House |
| 0:06 | Build | House |
| 0:21 | Create | Villager (Male) |
| 0:22 | Create | Villager (Male) |
| 0:22 | Create | Villager (Male) |
| 0:23 | Research | Loom |
| 0:53 | Build | Lumber Camp |
| 1:31 | Create | Villager (Male) |
| 1:59 | Create | Villager (Male) |
| 1:59 | Create | Villager (Male) |
| 2:44 | Create | Villager (Male) |
| 2:44 | Create | Villager (Male) |
| 2:52 | Create | Villager (Male) |
| 2:52 | Create | Villager (Male) |
| 3:27 | Create | Villager (Male) |
| 3:27 | Create | Villager (Male) |
| 3:56 | Create | Villager (Male) |
| 3:56 | Create | Villager (Male) |
| 3:57 | Create | Villager (Male) |
| 4:16 | Create | Villager (Male) |
| 4:29 | Build | House |
| 5:03 | Build | Mill |
| 5:12 | Build | House |
| 5:30 | Create | Villager (Male) |
| 5:58 | Create | Villager (Male) |
| 5:59 | Create | Villager (Male) |
| 6:10 | Build | House |
| 6:21 | Build | Palisade Wall |
| 6:32 | Create | Villager (Male) |
| 6:45 | Create | Villager (Male) |
| 7:05 | Build | Palisade Wall |
| 7:27 | Build | Palisade Wall |
| 7:39 | Build | Palisade Wall |
| 7:42 | Create | Villager (Male) |
| 7:58 | Build | Palisade Wall |
| 8:15 | Research | Feudal Age |
| 8:15 | Research | Feudal Age |
| 8:26 | Build | Mining Camp |
| 8:33 | Build | Palisade Wall |
| 9:01 | Build | Palisade Wall |
| 9:25 | Build | Palisade Wall |
| 9:30 | Build | Palisade Wall |
| 9:53 | Build | Palisade Wall |
| 10:22 | Build | Palisade Wall |
| 10:24 | Build | Palisade Wall |
| 10:25 | Age | Feudal Age |
| 10:54 | Build | Gate |
| 11:05 | Create | Villager (Male) |
| 11:05 | Create | Villager (Male) |
| 11:06 | Create | Villager (Male) |
| 11:13 | Build | Stone Wall |
| 11:18 | Build | Stone Wall |
| 11:19 | Build | Stone Wall |
| 11:28 | Build | Stone Wall |
| 11:33 | Build | Stone Wall |
| 11:35 | Build | Stone Wall |
| 11:40 | Build | Stone Wall |
| 11:45 | Create | Villager (Male) |
| 12:07 | Create | Villager (Male) |
| 12:14 | Build | Stone Wall |
| 12:25 | Create | Villager (Male) |
| 12:40 | Build | Stone Wall |
| 12:48 | Build | Stone Wall |
| 13:09 | Build | Stone Wall |
| 13:11 | Build | Stone Wall |
| 13:25 | Build | Stone Wall |
| 13:27 | Create | Villager (Male) |
| 13:27 | Create | Villager (Male) |
| 13:28 | Create | Villager (Male) |
| 13:33 | Build | Stone Wall |
| 13:40 | Build | Stone Wall |
| 13:41 | Build | Gate |
| 13:56 | Create | Villager (Male) |
| 13:59 | Research | Horse Collar |
| 14:01 | Research | Double-Bit Axe |
| 14:01 | Research | Double-Bit Axe |
| 14:19 | Build | Stone Wall |
| 15:07 | Build | Stone Wall |
| 15:11 | Create | Villager (Male) |
| 15:11 | Create | Villager (Male) |
| 15:23 | Build | Lumber Camp |
| 15:28 | Build | Mining Camp |
| 15:44 | Build | Gate |
| 15:54 | Build | House |
| 15:55 | Build | House |
| 15:58 | Build | House |
| 15:59 | Build | House |
| 16:02 | Create | Villager (Male) |
| 16:07 | Build | Farm |
| 16:08 | Build | Farm |
| 16:10 | Build | Farm |
| 16:15 | Create | Villager (Male) |
| 16:53 | Build | Mining Camp |
| 17:04 | Build | Stone Wall |
| 17:12 | Build | Stone Wall |
| 17:14 | Build | Stone Wall |
| 17:15 | Build | Stone Wall |
| 17:25 | Create | Villager (Male) |
| 17:26 | Create | Villager (Male) |
| 17:27 | Create | Villager (Male) |
| 17:49 | Create | Villager (Male) |
| 17:50 | Create | Villager (Male) |
| 17:57 | Research | Gold Mining |
| 18:06 | Build | Farm |
| 18:08 | Build | Farm |
| 18:12 | Build | Farm |
| 18:13 | Build | Farm |
| 18:17 | Build | Farm |
| 18:21 | Build | Farm |
| 18:23 | Create | Villager (Male) |
| 19:02 | Create | Villager (Male) |
| 19:03 | Build | Farm |
| 19:08 | Create | Villager (Male) |
| 19:14 | Build | Farm |
| 20:12 | Create | Villager (Male) |
| 20:13 | Build | Farm |
| 20:15 | Build | Farm |
| 20:24 | Create | Villager (Male) |
| 20:30 | Build | Farm |
| 20:31 | Build | Farm |
| 20:32 | Build | Farm |
| 20:33 | Build | Farm |
| 20:36 | Create | Villager (Male) |
| 20:57 | Build | Farm |
| 21:03 | Build | Farm |
| 21:14 | Build | Farm |
| 21:56 | Create | Villager (Male) |
| 22:01 | Build | Blacksmith |
| 22:07 | Build | Barracks |
| 22:13 | Build | Market |
| 22:40 | Create | Villager (Male) |
| 23:00 | Build | House |
| 23:06 | Research | Castle Age |
| 23:17 | Create | Trade Cart |
| 23:47 | Build | Stone Wall |
| 24:02 | Research | Stone Mining |
| 24:22 | Research | Scale Barding Armor |
| 24:22 | Research | Forging |
| 24:37 | Build | Gate |
| 25:33 | Build | Stone Wall |
| 25:39 | Build | Stone Wall |
| 25:46 | Age | Castle Age |
| 25:50 | Create | Villager (Male) |
| 25:51 | Create | Villager (Male) |
| 25:56 | Create | Villager (Male) |
| 26:00 | Build | Town Center |
| 26:16 | Build | Stone Wall |
| 26:51 | Build | Stone Wall |
Match timeline
| 4:25 | Sunny Day · wall_segment Palisade Wall x10 |
| 4:40 | KDA HDT · wall_segment Palisade Wall x1 |
| 4:42 | KDA HDT · wall_segment Palisade Wall x7 |
| 6:21 | 頭鐵投石機 · wall_segment Palisade Wall x12 |
| 6:33 | gjizhijian6866 · wall_segment Palisade Wall x2 |
| 6:55 | Álvaro de Bazán · first_building Barracks |
| 7:05 | 頭鐵投石機 · wall_segment Palisade Wall x3 |
| 7:09 | gjizhijian6866 · wall_segment Palisade Wall x8 |
| 7:13 | Sunny Day · wall_segment Palisade Wall x7 |
| 7:27 | 頭鐵投石機 · wall_segment Palisade Wall x1 |
| 7:38 | Álvaro de Bazán · wall_segment Palisade Wall x21 |
| 7:38 | KDA HDT · first_building Barracks |
| 7:38 | Sunny Day · first_building Barracks |
| 7:39 | 頭鐵投石機 · wall_segment Palisade Wall x1 |
| 7:40 | |TheCore| d@ pOPE!!! · wall_segment Palisade Wall x6 |
| 7:53 | Sunny Day · wall_segment Palisade Wall x15 |
| 7:56 | |TheCore| d@ pOPE!!! · wall_segment Palisade Wall x6 |
| 7:58 | 頭鐵投石機 · wall_segment Palisade Wall x5 |
| 8:15 | 祈求好运 · wall_segment Palisade Wall x8 |
| 8:23 | 菜鸟在人间 · first_building Barracks |
| 8:32 | KDA HDT · age_up feudal |
| 8:33 | 頭鐵投石機 · wall_segment Palisade Wall x6 |
| 8:40 | KDA HDT · first_building Stable |
| 8:53 | 祈求好运 · wall_segment Palisade Wall x1 |
| 8:55 | |TheCore| d@ pOPE!!! · wall_segment Palisade Wall x15 |
| 9:01 | 頭鐵投石機 · wall_segment Palisade Wall x4 |
| 9:08 | Sunny Day · age_up feudal |
| 9:10 | Sunny Day · first_building Stable |
| 9:12 | |TheCore| d@ pOPE!!! · wall_segment Palisade Wall x5 |
| 9:12 | Sunny Day · wall_segment Palisade Wall x10 |
| 9:25 | 頭鐵投石機 · wall_segment Palisade Wall x6 |
| 9:30 | 頭鐵投石機 · wall_segment Palisade Wall x1 |
| 9:42 | gjizhijian6866 · age_up feudal |
| 9:53 | 頭鐵投石機 · wall_segment Palisade Wall x24 |
| 10:00 | KDA HDT · wall_segment Palisade Wall x5 |
| 10:06 | 菜鸟在人间 · age_up feudal |
| 10:11 | Álvaro de Bazán · age_up feudal |
| 10:16 | 菜鸟在人间 · first_building Archery Range |
| 10:17 | 祈求好运 · wall_segment Palisade Wall x13 |
| 10:20 | Álvaro de Bazán · first_building Stable |
| 10:22 | 頭鐵投石機 · wall_segment Palisade Wall x1 |
| 10:24 | 頭鐵投石機 · wall_segment Palisade Wall x1 |
| 10:25 | 頭鐵投石機 · age_up feudal |
| 10:48 | |TheCore| d@ pOPE!!! · age_up feudal |
| 11:13 | 頭鐵投石機 · wall_segment Stone Wall x1 |
| 11:18 | 頭鐵投石機 · wall_segment Stone Wall x1 |
| 11:19 | 頭鐵投石機 · wall_segment Stone Wall x1 |
| 11:20 | 祈求好运 · wall_segment Palisade Wall x6 |
| 11:28 | 頭鐵投石機 · wall_segment Stone Wall x19 |
| 11:33 | 頭鐵投石機 · wall_segment Stone Wall x1 |
| 11:35 | 頭鐵投石機 · wall_segment Stone Wall x5 |
| 11:38 | 祈求好运 · wall_segment Palisade Wall x5 |
| 11:40 | 頭鐵投石機 · wall_segment Stone Wall x1 |
| 12:14 | 頭鐵投石機 · wall_segment Stone Wall x19 |
| 12:18 | 祈求好运 · age_up feudal |
| 12:39 | 祈求好运 · wall_segment Stone Wall x13 |
| 12:40 | 頭鐵投石機 · wall_segment Stone Wall x1 |
| 12:48 | 頭鐵投石機 · wall_segment Stone Wall x1 |
| 12:50 | 祈求好运 · wall_segment Stone Wall x8 |
| 13:09 | 頭鐵投石機 · wall_segment Stone Wall x2 |
| 13:11 | 頭鐵投石機 · wall_segment Stone Wall x2 |
| 13:25 | 頭鐵投石機 · wall_segment Stone Wall x1 |
| 13:33 | 頭鐵投石機 · wall_segment Stone Wall x10 |
| 13:40 | 頭鐵投石機 · wall_segment Stone Wall x4 |
| 13:47 | 菜鸟在人间 · age_up castle |
| 14:15 | 祈求好运 · first_market_sell 100 wood |
| 14:17 | 祈求好运 · first_market_buy 100 food |
| 14:19 | 頭鐵投石機 · wall_segment Stone Wall x1 |
| 14:34 | 祈求好运 · wall_segment Stone Wall x4 |
| 14:47 | |TheCore| d@ pOPE!!! · age_up castle |
| 15:07 | 頭鐵投石機 · wall_segment Stone Wall x15 |
| 15:45 | |TheCore| d@ pOPE!!! · first_market_buy 100 wood |
| 15:46 | gjizhijian6866 · age_up castle |
| 15:52 | 祈求好运 · wall_segment Stone Wall x12 |
| 16:15 | gjizhijian6866 · first_building Monastery |
| 16:39 | Álvaro de Bazán · wall_segment Stone Wall x1 |
| 16:59 | KDA HDT · wall_segment Palisade Wall x1 |
| 17:04 | 頭鐵投石機 · wall_segment Stone Wall x5 |
| 17:11 | 祈求好运 · wall_segment Stone Wall x4 |
| 17:12 | 頭鐵投石機 · wall_segment Stone Wall x1 |
| 17:14 | 頭鐵投石機 · wall_segment Stone Wall x1 |
| 17:15 | 頭鐵投石機 · wall_segment Stone Wall x1 |
| 17:18 | 祈求好运 · age_up castle |
| 19:06 | 祈求好运 · first_building Siege Workshop |
| 19:14 | gjizhijian6866 · wall_segment Stone Wall x3 |
| 19:31 | Álvaro de Bazán · age_up castle |
| 20:36 | Sunny Day · age_up castle |
| 20:54 | gjizhijian6866 · first_building Siege Workshop |
| 20:59 | KDA HDT · age_up castle |
| 21:49 | |TheCore| d@ pOPE!!! · first_building Barracks |
| 21:54 | Sunny Day · first_building Castle |
| 22:07 | 頭鐵投石機 · first_building Barracks |
| 22:15 | gjizhijian6866 · first_building Barracks |
| 22:34 | |TheCore| d@ pOPE!!! · first_building Stable |
| 23:13 | gjizhijian6866 · first_building Stable |
| 23:13 | 祈求好运 · wall_segment Stone Wall x19 |
| 23:26 | |TheCore| d@ pOPE!!! · first_building Castle |
| 23:47 | 頭鐵投石機 · wall_segment Stone Wall x25 |
| 24:26 | 祈求好运 · first_building Monastery |
| 25:28 | 菜鸟在人间 · first_building Castle |
| 25:33 | 頭鐵投石機 · wall_segment Stone Wall x1 |
| 25:36 | 菜鸟在人间 · first_building Monastery |
| 25:39 | 頭鐵投石機 · wall_segment Stone Wall x1 |
| 25:46 | 頭鐵投石機 · age_up castle |
| 25:50 | 祈求好运 · wall_segment Stone Wall x19 |
| 26:16 | 頭鐵投石機 · wall_segment Stone Wall x9 |
| 26:22 | 祈求好运 · first_building Castle |
| 26:51 | 頭鐵投石機 · wall_segment Stone Wall x16 |
| 27:08 | Sunny Day · age_up imperial |
| 28:05 | 頭鐵投石機 · wall_segment Stone Wall x6 |
| 28:08 | 頭鐵投石機 · wall_segment Stone Wall x6 |
| 28:17 | 頭鐵投石機 · wall_segment Stone Wall x23 |
| 28:29 | KDA HDT · first_market_buy 100 stone |
| 28:46 | 頭鐵投石機 · wall_segment Stone Wall x5 |
| 29:13 | 頭鐵投石機 · first_building Monastery |
| 29:16 | 祈求好运 · wall_segment Stone Wall x7 |
| 29:23 | 頭鐵投石機 · first_building Stable |
| 29:39 | gjizhijian6866 · first_market_buy 100 food |
| 30:12 | 祈求好运 · first_building Barracks |
| 30:13 | 頭鐵投石機 · wall_segment Stone Wall x24 |
| 30:21 | 頭鐵投石機 · wall_segment Stone Wall x5 |
| 30:33 | 菜鸟在人间 · age_up imperial |
| 30:47 | |TheCore| d@ pOPE!!! · first_market_sell 500 stone |
| 30:48 | 菜鸟在人间 · first_market_sell 500 food |
| 30:53 | gjizhijian6866 · first_building Castle |
| 31:01 | 頭鐵投石機 · wall_segment Stone Wall x17 |
| 31:27 | 祈求好运 · first_building Krepost |
| 31:53 | 祈求好运 · age_up imperial |
| 31:58 | KDA HDT · wall_segment Stone Wall x21 |
| 32:08 | 祈求好运 · first_building Stable |
| 32:30 | 頭鐵投石機 · wall_segment Stone Wall x13 |
| 32:37 | Sunny Day · first_building Siege Workshop |
| 33:05 | gjizhijian6866 · age_up imperial |
| 33:36 | 頭鐵投石機 · first_building Siege Workshop |
| 33:42 | 頭鐵投石機 · wall_segment Stone Wall x4 |
| 33:53 | 頭鐵投石機 · wall_segment Stone Wall x1 |
| 33:57 | KDA HDT · first_building Castle |
| 34:02 | 頭鐵投石機 · wall_segment Stone Wall x13 |
| 34:43 | |TheCore| d@ pOPE!!! · age_up imperial |
| 35:27 | 頭鐵投石機 · first_building Castle |
| 36:25 | Álvaro de Bazán · first_building Monastery |
| 36:35 | 頭鐵投石機 · wall_segment Stone Wall x9 |
| 36:48 | 頭鐵投石機 · wall_segment Stone Wall x17 |
| 37:33 | 頭鐵投石機 · age_up imperial |
| 38:02 | KDA HDT · age_up imperial |
| 38:22 | 菜鸟在人间 · resign |
| 38:32 | 頭鐵投石機 · wall_segment Stone Wall x19 |
| 38:34 | 頭鐵投石機 · wall_segment Stone Wall x4 |
[ AI ANALYSIS · 1 CREDIT ]
What really happened in this match?
Wolo.gg analyzes every decision: build order, eco, micro, common mistakes by bracket. Personalized analysis on WhatsApp or Discord in 30 seconds.
Civ guide
Franks
Map guide
Lombardia
Perfil
Álvaro de Bazán